 Dungeon Crawl Stone Soup version 0.21.1-1-g345015f (webtiles) character file.

51765 StephanieSnake the Spear-Bearer (level 14, -1/110 HPs)
             Began as a Demonspawn Abyssal Knight on Feb 5, 2018.
             Was a High Priest of Lugonu.
             Killed from afar by an electric eel (8 damage)
             ... with a bolt of electricity
             ... on level 2 of the Lair of Beasts.
             The game lasted 00:47:14 (22297 turns).

StephanieSnake the Spear-Bearer (DsAK)             Turns: 22297, Time: 00:47:15

Health: -1/110     AC: 25    Str: 15    XL:     14   Next: 24%
Magic:  22/22      EV:  9    Int: 13    God:    Lugonu [*****.]
Gold:   1355       SH: 12    Dex: 16    Spells: 13/13 levels left

rFire    + + .     SeeInvis .   G - +3 broad axe (protect)
rCold    . . .     Gourm    .   B - +1 shield
rNeg     . . .     Faith    .   j - +2 chain mail {rF+}
rPois    .         Spirit   .   (no helmet)
rElec    .         Reflect  .   y - +1 cloak
rCorr    .         Harm     .   (gloves unavailable)
MR       +....                  z - +2 pair of boots {run}
Stlth    ..........             l - amulet of magic regeneration
HPRegen  0.28/turn              s - ring of stealth
MPRegen  0.43/turn              o - ring of fire

@: sanguine armour, quick
A: claws 3, cold resistance 1, foul stench 1, rot immunity, freezing cloud
immunity, sanguine armour 1
a: Depart the Abyss, Bend Space, Banish, Corrupt, Enter the Abyss, Renounce
Religion


You were on level 2 of the Lair of Beasts.
You worshipped Lugonu.
Lugonu was extremely pleased with you.
You were very hungry.

You visited 2 branches of the dungeon, and saw 17 of its levels.
You visited the Abyss 2 times.
You also visited: Ossuary and Ice Cave.

You collected 1557 gold pieces.
You spent 202 gold pieces at shops.

Inventory:

Hand Weapons
 f - a +4 demon trident of freezing
 D - the +1 short sword of the Extremes {pain, +Inv}
   (You found it on level 5 of the Dungeon)

   In the hands of one skilled in necromantic magic, it inflicts extra damage on
   living creatures.
   It lets you turn invisible.
 G - a +3 broad axe of protection (weapon)
 N - the +0 trident "Ulam" {pierce, +Inv rC+ rN+}
   (You found it on level 12 of the Dungeon)

   It inflicts extra damage upon your enemies.
   It protects you from cold.
   It protects you from negative energy.
   It lets you turn invisible.
Armour
 j - a +2 chain mail of fire resistance (worn)
 v - +0 acid dragon scales
 y - a +1 cloak (worn)
 z - a +2 pair of boots of running (worn)
 B - a +1 shield (worn)
 O - a +1 ring mail of magic resistance
Jewellery
 l - an amulet of magic regeneration (around neck)
 o - a ring of fire (right claw)
 s - a ring of stealth (left claw)
 H - an uncursed ring of poison resistance
 W - an uncursed ring of positive energy
 Y - an uncursed ring of protection from cold
Wands
 a - a wand of random effects (59)
 b - a wand of paralysis (1)
 m - a wand of acid (3)
 x - a wand of flame (17)
 M - a wand of iceblast (5)
 X - a wand of digging (18)
Scrolls
 e - a scroll of teleportation
 h - 10 scrolls of identify
 k - 12 scrolls of remove curse
 n - a scroll of blinking
 p - 3 scrolls of fog
 r - 2 scrolls of enchant armour
 E - a scroll of acquirement {unknown}
 K - a scroll of fear
 L - a scroll of immolation
Potions
 i - 2 potions of agility
 q - 2 potions of brilliance
 t - 2 potions of haste
 w - 5 potions of flight
 A - 9 potions of curing
 C - 3 potions of lignification
 F - a potion of ambrosia
 J - a potion of heal wounds
 R - a potion of invisibility
 U - a potion of mutation
Books
 g - Pichyss's Compendium of the Captivating Arsonist
   (You found it on level 10 of the Dungeon)

   Spells                             Type                      Level
   a - Flame Tongue                   Conjuration/Fire             1
   b - Ignite Poison                  Fire/Transmutation/Poison    3
   c - Inner Flame                    Hexes/Fire                   3
   d - Summon Mana Viper              Hexes/Summoning              5
 P - a book of Power

   Spells                             Type                      Level
   a - Iskenderun's Battlesphere      Conjuration/Charms           5
   b - Venom Bolt                     Conjuration/Poison           5
   c - Bolt of Magma                  Conjuration/Fire/Earth       5
   d - Iron Shot                      Conjuration/Earth            6
   e - Orb of Destruction             Conjuration                  7
   f - Spellforged Servitor           Conjuration/Summoning        7
 T - a book of Debilitation

   Spells                             Type                      Level
   a - Corona                         Hexes                        1
   b - Slow                           Hexes                        2
   c - Inner Flame                    Hexes/Fire                   3
   d - Portal Projectile              Hexes/Translocation          3
   e - Cause Fear                     Hexes                        4
   f - Leda's Liquefaction            Hexes/Earth                  4
 V - a book of Necromancy

   Spells                             Type                      Level
   a - Pain                           Necromancy                   1
   b - Animate Skeleton               Necromancy                   1
   c - Vampiric Draining              Necromancy                   3
   d - Regeneration                   Charms/Necromancy            3
   e - Animate Dead                   Necromancy                   4
   f - Borgnjor's Vile Clutch         Necromancy/Earth             5
Miscellaneous
 d - a lightning rod (3/4)
 u - a fan of gales
 I - a phantom mirror
Comestibles
 c - 27 rations


   Skills:
 * Level 10.3 Fighting
 * Level 5.7(9.4) Axes
 - Level 11.4(11.9) Polearms
 + Level 8.9 Armour
 * Level 7.7 Dodging
 - Level 0.3 Stealth
 * Level 7.7 Shields
 * Level 10.9 Invocations
 * Level 7.9 Evocations


You had 13 spell levels left.
You didn't know any spells.

Dungeon Overview and Level Annotations

Branches:
Dungeon (15/15)            Temple (0/1) D:4            Lair (2/6) D:9
  Swamp (0/4) Lair:2          Orc (0/2) D:9          Vaults (0/5) D:14
 Depths (0/5) D:15
  Snake: Lair:2-4    Spider: Lair:2-4

Altars:
Cheibriados
Fedhas
Kikubaaqudgha
Makhleb
Uskayaw
Wu Jian
Yredelemnul
Zin

Shops:
D:5 [*}:*   D:14 }[


Innate Abilities, Weirdness & Mutations

You have claws for hands.
Your flesh is cold resistant. (rC+)
You may emit foul miasma when damaged in melee.
You are immune to rotting.
You are immune to freezing clouds.
When seriously injured, your bleeding wounds create armour. (AC +6)


Message History

The bolt of electricity hits you!
You feel less invigorated.
You feel less confused.
The electric eel shoots out a bolt of lightning at you!
The bolt of electricity hits you! x2
* * * LOW HITPOINT WARNING * * *
The electric eel shoots out a bolt of lightning at you!
The bolt of electricity hits you!
* * * LOW HITPOINT WARNING * * *
The electric eel shoots out a bolt of lightning at you!
The bolt of electricity hits you! x2
* * * LOW HITPOINT WARNING * * *
The electric eel shoots out a bolt of lightning at you!
The bolt of electricity hits you!
The electric eel shoots out a bolt of lightning at you!
The bolt of electricity hits you!
* * * LOW HITPOINT WARNING * * *
The electric eel shoots out a bolt of lightning at you!
The bolt of electricity hits you!
You die...

#P.....#.##.#.###......#...##....
#...............#.#..#...........
##....................##......<..
#.......P.......#...............
#..#.##PP#.##...#...#...........
#.......P.......#.8.#.........##
#.............#...............#.
...P..........#.....#.........#
........#@.....##........
.........##.#..# ...
..........#....#....
..........##........
...........#...#....
.≈;;......##...# ...
≈≈§;;.....###.P# ≈§§§;...... ....
§§§§≈...##P. .P#.#


You could see 5 electric eels.

Vanquished Creatures
  2 ice dragons (IceCv)
  A rakshasa (D:13)
  A death knight (D:13)
  4 centaur warriors
  7 two-headed ogres
  A tengu warrior (D:14)
  A vampire mage (D:15)
  An ogre mage (D:14)
  A thrashing horror (Abyss:3)
  Nergalle (D:10)
  The ghost of srs the Basher, a novice MiFi of Okawaru (D:9)
  6 skeletal warriors (D:15)
  An unseen horror (D:15)
  A deep troll (D:10)
  A deep elf archer (D:14)
  A phantasmal warrior (D:13)
  A wizard (D:15)
  A necromancer (D:15)
  3 manticores
  2 deep elf magi
  4 cyclopes
  A tengu skeleton (D:15)
  2 ugly things
  A centaur zombie (D:13)
  2 ice statues (IceCv)
  2 guardian serpents (D:9)
  Joseph (D:7)
  3 spiny frogs (Lair:2)
  A gargoyle (D:13)
  The ghost of Morgon the Ducker, a novice DsMo of Wu Jian (D:5)
  4 komodo dragons
  6 rime drakes
  A kobold demonologist (D:14)
  2 freezing wraiths (D:13)
  A yaktaur skeleton (D:15)
  A guardian mummy (D:15)
  3 trolls
  2 meliai (D:15)
  A queen bee (shapeshifter) (D:14)
  Grinder (D:5)
  A meliai zombie (D:14)
  A deep troll zombie (D:15)
  5 blink frogs (Lair:2)
  A spriggan zombie (D:15)
  6 hippogriffs
  A vampire (D:11)
  2 wyverns
  3 wraiths
  27 yaks
  3 hungry ghosts
  9 vampire mosquitoes
  Grum (D:9)
  An acid dragon (D:15)
  2 soldier ants
  2 porcupines (Lair:1)
  2 sky beasts (D:8)
  A small abomination (Abyss:3)
  10 orc warriors
  4 water moccasins
  2 black bears
  A phantom (D:4)
  A hornet zombie (D:14)
  17 ice beasts
  2 eyes of draining
  8 ogres
  A necrophage (D:12)
  5 wolves
  10 centaurs
  3 crocodiles
  2 big kobolds
  9 bullfrogs
  A wyvern skeleton (D:14)
  A scorpion (D:6)
  4 killer bees (D:12)
  5 electric eels
  12 wights
  3 howler monkeys (D:9)
  3 crimson imps
  2 quasits
  2 bullfrog zombies
  2 jellies
  8 orc priests
  9 hounds
  Crazy Yiuf (D:7)
  A gnoll shaman (D:5)
  A bullfrog skeleton (D:11)
  13 orc wizards
  3 centaur skeletons
  4 iguanas
  7 worker ants
  A hound zombie (D:7)
  A hound skeleton (D:10)
  8 gnolls
  9 adders
  4 shadow imps
  An ooze (D:2)
  2 adder skeletons
  4 adder zombies
  2 worms
  2 dart slugs
  2 leopard geckos
  55 orcs
  2 ball pythons
  7 bats
  6 giant cockroaches
  6 goblins
  8 hobgoblins
  10 jackals
  3 quokkas
  2 frilled lizards
  2 hobgoblin skeletons (Ossuary)
  2 hobgoblin zombies (Ossuary)
  A jackal skeleton (D:4)
  A jackal zombie (D:6)
  7 kobolds
  2 orc skeletons (Ossuary)
  A quokka zombie (D:7)
  3 rats
  A withered plant (D:15)
458 creatures vanquished.

Vanquished Creatures (collateral kills)
  A manticore (D:15)
1 creature vanquished.

Vanquished Creatures (others)
  A meliai (D:15)
  An orc wizard (D:7)
  A plant (Lair:1)
  2 starspawn tentacles (Abyss:3)
  A withered plant (D:15)
6 creatures vanquished.

Grand Total: 465 creatures vanquished

Notes
Turn   | Place    | Note
-------+----------+-------------------------------------------
     0 | Abyss:1  | StephanieSnake the Demonspawn Abyssal Knight began the quest for the Orb.
     0 | Abyss:1  | Reached XP level 1. HP: 18/18 MP: 2/2
    21 | Abyss:1  | Found a basalt altar of Yredelemnul.
   114 | Abyss:2  | Found a corrupted altar of Lugonu.
   124 | Abyss:2  | Found a corrupted altar of Lugonu.
   139 | Abyss:2  | Noticed a thrashing horror
   143 | D:1      | Escaped the Abyss
   692 | D:1      | Gained mutation: You have sharp fingernails. [demonic ancestry]
   692 | D:1      | Reached XP level 2. HP: 24/24 MP: 3/3
   700 | D:1      | Reached * piety under Lugonu
   700 | D:1      | Reached skill level 1 in Dodging
   975 | D:2      | Gained mutation: You are immune to rotting. [demonic ancestry]
   975 | D:2      | Reached XP level 3. HP: 29/29 MP: 4/4
  1134 | D:2      | Reached skill level 1 in Polearms
  1652 | D:3      | Reached XP level 4. HP: 35/35 MP: 5/5
  1713 | D:3      | Reached skill level 2 in Polearms
  2106 | D:3      | Reached XP level 5. HP: 32/41 MP: 6/6
  2424 | D:4      | Reached skill level 3 in Polearms
  2759 | D:4      | Noticed a phantom
  2797 | D:4      | Killed a phantom
  2797 | D:4      | Gained mutation: You may emit foul miasma when damaged in melee. [demonic ancestry]
  2797 | D:4      | Reached XP level 6. HP: 42/47 MP: 7/7
  3027 | D:4      | Reached ** piety under Lugonu
  3061 | D:4      | Found a staircase to the Ecumenical Temple.
  3155 | D:5      | Entered Level 5 of the Dungeon
  3155 | D:5      | Found Ydacea's Assorted Antiques.
  3159 | D:5      | Reached skill level 4 in Polearms
  3239 | D:5      | Found Pikimue's Gadget Boutique.
  3291 | D:5      | Found Zaguptem's Book Shop.
  3350 | D:5      | Noticed Morgon's ghost (novice DsMo)
  3353 | D:5      | Killed Morgon's ghost
  3353 | D:5      | Reached skill level 5 in Polearms
  3353 | D:5      | Gained mutation: Your flesh is cold resistant. (rC+) [demonic ancestry]
  3353 | D:5      | Reached XP level 7. HP: 54/54 MP: 8/8
  3366 | D:5      | Noticed Grinder
  3376 | D:5      | Paralysed by Grinder for 4 turns
  3383 | D:5      | Killed Grinder
  3516 | D:5      | Reached skill level 6 in Polearms
  3563 | D:5      | Found Zidweuc's General Store.
  3679 | D:5      | Got a crude short sword
  3680 | D:5      | Identified the cursed +1 short sword of the Extremes {pain, +Inv} (You found it on level 5 of the Dungeon)
  3691 | D:5      | Found an ancient bone altar of Kikubaaqudgha.
  3692 | D:5      | Found a snail-covered altar of Cheibriados.
  3693 | D:5      | Found a burning altar of Makhleb.
  3694 | D:5      | Found an ornate altar of the Wu Jian Council.
  3695 | D:5      | Found a hide-covered altar of Uskayaw.
  3696 | D:5      | Found a blossoming altar of Fedhas.
  3739 | D:5      | Found Byoti's Antique Armour Emporium.
  3852 | D:5      | Bought a pair of glowing boots for 202 gold pieces
  3857 | D:5      | Identified a +2 pair of boots of running (You bought it in a shop on level 5 of the Dungeon)
  3915 | D:6      | Gained mutation: When seriously injured, your bleeding wounds create armour. (AC +6) [demonic ancestry]
  3915 | D:6      | Reached XP level 8. HP: 60/60 MP: 10/10
  4057 | D:6      | Reached skill level 1 in Evocations
  4127 | D:6      | Reached skill level 1 in Shields
  4219 | D:6      | Reached *** piety under Lugonu
  4601 | D:7      | Reached skill level 5 in Fighting
  4601 | D:7      | Reached skill level 7 in Polearms
  4615 | D:7      | Found a sand-covered staircase.
  4622 | Ossuary  | Entered an ossuary
  4725 | Ossuary  | Noticed a flying skull
  4747 | Ossuary  | Reached skill level 5 in Armour
  4747 | Ossuary  | Reached XP level 9. HP: 42/68 MP: 12/12
  5325 | D:7      | Reached **** piety under Lugonu
  5418 | D:7      | Noticed Joseph
  5433 | D:7      | Killed Joseph
  5766 | D:7      | Found a runed door.
  5885 | D:7      | Noticed Crazy Yiuf
  5890 | D:7      | Killed Crazy Yiuf
  5984 | D:8      | Reached skill level 5 in Invocations
  6095 | D:8      | Noticed a two-headed ogre
  6101 | D:8      | Killed a two-headed ogre
  6101 | D:8      | Reached skill level 8 in Polearms
  6101 | D:8      | Reached XP level 10. HP: 76/76 MP: 12/14
  6496 | D:8      | Noticed a cyclops
  6506 | D:8      | Killed a cyclops
  6553 | D:8      | Found a glowing silver altar of Zin.
  6840 | D:9      | Found a staircase to the Orcish Mines.
  6840 | D:9      | Noticed Grum
  6840 | D:9      | Noticed srs's ghost (novice MiFi)
  7002 | D:9      | Killed Grum
  7344 | D:9      | Killed srs's ghost
  7425 | D:9      | Noticed a guardian serpent
  7436 | D:9      | Killed a guardian serpent
  7690 | D:9      | Reached skill level 9 in Polearms
  7700 | D:9      | Found a staircase to the Lair.
  7891 | D:9      | Noticed a guardian serpent
  7898 | D:9      | Killed a guardian serpent
  8078 | D:10     | Entered Level 10 of the Dungeon
  8127 | D:10     | Reached XP level 11. HP: 65/84 MP: 15/15
  8137 | D:10     | Reached ***** piety under Lugonu
  8334 | D:10     | You fall through a shaft for 3 floors!
  8533 | D:12     | Reached skill level 5 in Dodging
  8947 | D:12     | Got a bloodstained trident
  9193 | D:11     | Reached skill level 5 in Evocations
  9568 | D:10     | Noticed a deep troll
 10118 | D:10     | Noticed a two-headed ogre
 10129 | D:10     | Killed a two-headed ogre
 10129 | D:10     | Reached skill level 5 in Shields
 10201 | D:10     | Noticed Nergalle
 10223 | D:10     | Killed Nergalle
 10223 | D:10     | Reached skill level 10 in Polearms
 10283 | D:10     | Got a warped robe
 10408 | D:10     | Gained mutation: You have very sharp fingernails. [demonic ancestry]
 10408 | D:10     | Reached XP level 12. HP: 90/92 MP: 18/18
 10773 | D:10     | Identified the cursed +0 trident "Ulam" {pierce, +Inv rC+ rN+} (You found it on level 12 of the Dungeon)
 10862 | D:10     | Identified Pichyss's Compendium of the Captivating Arsonist
 11986 | D:12     | Found a shimmering altar of Xom.
 11988 | D:12     | Found a shimmering altar of Xom.
 11989 | D:12     | Found a shimmering altar of Xom.
 11992 | D:12     | Found a shimmering altar of Xom.
 11992 | D:12     | Found a shimmering altar of Xom.
 12698 | D:13     | Noticed a centaur warrior
 12718 | D:13     | Killed a centaur warrior
 12739 | D:13     | HP: 4/94 [poisoned by a green ugly thing]
 12745 | D:13     | HP: 4/94 [poisoned by a green ugly thing]
 12753 | D:13     | HP: 4/94 [poisoned by a green ugly thing]
 13261 | D:13     | Noticed a death knight
 13278 | D:13     | Killed a death knight
 13287 | D:13     | HP: 7/141 [freezing wraith[a death knight] (9)]
 13669 | D:13     | Noticed a rakshasa
 13699 | D:13     | Killed a rakshasa
 13780 | D:13     | Noticed a centaur warrior
 13796 | D:13     | Killed a centaur warrior
 14084 | D:14     | Found a gate to the Vaults.
 14084 | D:14     | Noticed an ogre mage
 14085 | D:14     | Noticed a two-headed ogre
 14092 | D:14     | Killed an ogre mage
 14092 | D:14     | Reached skill level 11 in Polearms
 14098 | D:14     | Killed a two-headed ogre
 14106 | D:14     | Noticed a two-headed ogre
 14109 | D:14     | Gained mutation: You are immune to freezing clouds. [demonic ancestry]
 14109 | D:14     | Reached XP level 13. HP: 51/101 MP: 20/20
 15138 | D:14     | Reached ****** piety under Lugonu
 15216 | D:14     | Found Xiumputt's Armour Boutique.
 15281 | D:14     | Found Abig's Gadget Boutique.
 15397 | D:15     | Entered Level 15 of the Dungeon
 15418 | D:14     | Reached skill level 10 in Invocations
 15840 | D:15     | Found a basalt altar of Yredelemnul.
 15910 | D:15     | HP: 1/102 [barbs]
 15960 | D:15     | HP: 5/102 [poisoned by a meliai]
 16304 | D:15     | Identified the +1 robe of Ecott {rElec} (You took it off an orc on level 10 of the Dungeon)
 16352 | D:15     | Found a staircase to the Depths.
 16431 | D:15     | Cast into level 2 of the Abyss (a wizard)
 16630 | Abyss:3  | Found a huge runed gate.
 16631 | Abyss:3  | Found a huge runed gate.
 16631 | Abyss:3  | Found a huge runed gate.
 16664 | Abyss:3  | Noticed a tentacled starspawn
 16666 | Abyss:4  | Noticed a kraken
 16669 | Abyss:4  | Noticed a tentacled monstrosity
 16671 | Abyss:4  | Noticed a tentacled monstrosity
 16671 | Abyss:4  | HP: 5/103 [shambling mangrove (26)]
 16672 | D:15     | Escaped the Abyss
 17743 | D:15     | Reached skill level 10 in Fighting
 18716 | Lair:1   | Entered Level 1 of the Lair of Beasts
 18862 | Lair:1   | Found a frozen archway.
 18875 | Lair:1   | HP: 5/103 [rime drake/flash freeze (20)]
 18957 | IceCv    | Entered an ice cave
 19130 | IceCv    | Gained mutation: You have claws for hands. [demonic ancestry]
 19130 | IceCv    | Reached XP level 14. HP: 80/110 MP: 22/22
 19719 | IceCv    | Reached skill level 5 in Axes
 22282 | Lair:2   | Found a staircase to the Swamp.
 22297 | Lair:2   | Killed from afar by an electric eel

Skill      XL: |  1  2  3  4  5  6  7  8  9 10 11 12 13 14 |
---------------+-------------------------------------------+-----
Armour         | 2 3 4 5 6 7 8 |  8.9
Dodging        | 1 2 3 4 5 6 7 |  7.7
Polearms       | 1 2 3 5 6 7 8 9 10 11 | 11.4
Fighting       | 4 5 6 7 8 9 10 | 10.3
Invocations    | 4 5 6 8 9 10 | 10.9
Evocations     | 2 3 4 5 6 7 |  7.9
Shields        | 2 3 4 5 6 7 |  7.7
Axes           | 4 5 |  5.7
Stealth        | |  0.3

Action                   |  1- 3 |  4- 6 |  7- 9 | 10-12 | 13-15 || total
-------------------------+-------+-------+-------+-------+-------++-------
Melee: Demon trident     |    91 |   142 |   339 |   723 |   146 ||  1441
       Hand axe          |    10 |       |       |       |       ||    10
       Trident           |       |       |       |   138 |       ||   138
       Broad axe         |       |       |       |       |   380 ||   380
Invok: Depart the Abyss  |     1 |       |       |       |     1 ||     2
Evoke: Wand              |       |     2 |     8 |    23 |    22 ||    55
       Sack of spiders   |       |       |       |     1 |     4 ||     5
       Lightning rod     |       |       |       |       |     5 ||     5
       Fan of gales      |       |       |       |       |     1 ||     1
  Use: Scroll            |     4 |       |    10 |     3 |    18 ||    35
       Potion            |       |       |       |    11 |     8 ||    19
 Stab: Paralysed         |       |       |    13 |    10 |    12 ||    35
  Eat: Chunk             |     2 |     6 |     7 |    23 |    15 ||    53
       Ration            |       |       |     1 |     1 |     3 ||     5
Armor: Leather armour    |     7 |       |       |       |       ||     7
       Chain mail        |    53 |    74 |   156 |   330 |   303 ||   916
Dodge: Dodged            |    22 |    57 |    84 |   188 |   162 ||   513
Block: Shield            |       |       |       |   255 |   307 ||   562
